General information
- name: BNet
- type: Ladder team game (AT/RT)
- host: Battle.net
- saver: matrioshkabrain
map: Feralas_LV
- players: 8
- length: 57:44
- speed: Fast
- version: 1.29 W3XP
- replay type: Public
» download(537 KB)
Players
team 1 (loser)
popeFRANCIS (
purple | 43 APM | 2488 actions | 57:43)
6 Death Knight
3 Death Coil
2 Unholy Aura
1 Animate Dead
4 Lich
2 Frost Nova
2 Frost Armor
» actions
| Assign group hotkey | 45 | |
| Basic commands | 184 | |
| Build / train | 101 | |
| ESC pressed | 16 | |
| Enter build submenu | 32 | |
| Enter hero's abilities submenu | 10 | |
| Give item / drop item | 4 | |
| Right click | 791 | |
| Select / deselect | 543 | |
| Select group hotkey | 611 | |
| Use ability | 151 | |
2488 total
» units
| Acolyte | 17 | |
| Ghoul | 3 | |
| Crypt Fiend | 10 | |
| Frost Wyrm | 6 | |
| Obsidian Statue | 5 | |
| Forest Troll Shadow Priest | 3 | |
44 total
» upgrades
| Creature Attack | 3 | |
| Web | 1 | |
| Creature Carapace | 2 | |
6 total
» buildings
| Ziggurat | 16 | |
| Crypt | 1 | |
| Graveyard | 1 | |
| Altar of Darkness | 1 | |
| Tomb of Relics | 1 | |
| Nerubian Tower | 5 | |
| Halls of the Dead | 1 | |
| Necropolis | 1 | |
| Black Citadel | 2 | |
| Sacrificial Pit | 1 | |
| Boneyard | 1 | |
| Slaughterhouse | 1 | |
| Spirit Tower | 3 | |
35 total
» build order
00:40 Ziggurat
00:57 Crypt
01:07 Graveyard
01:15 Altar of Darkness
01:31 Tomb of Relics
01:37 Ziggurat
02:02 Ziggurat
02:42 Nerubian Tower
03:18 Ziggurat
04:45 Halls of the Dead
05:13 Necropolis
07:08 Black Citadel
07:08 Black Citadel
07:13 Ziggurat
08:12 Ziggurat
08:14 Nerubian Tower
08:23 Ziggurat
08:55 Sacrificial Pit
09:51 Boneyard
11:35 Slaughterhouse
12:04 Ziggurat
16:52 Spirit Tower
16:54 Nerubian Tower
16:54 Nerubian Tower
19:42 Ziggurat
19:43 Ziggurat
19:45 Ziggurat
23:40 Ziggurat
23:42 Ziggurat
23:44 Ziggurat
23:46 Ziggurat
23:47 Ziggurat
24:35 Spirit Tower
24:38 Nerubian Tower
24:44 Spirit Tower
» items
| Rod of Necromancy | 3 | |
| Potion of Healing | 5 | |
| Orb of Corruption | 1 | |
| Potion of Mana | 3 | |
| Scroll of Healing | 3 | |
| Scroll of Town Portal | 2 | |
| Circlet of Nobility | 1 | |
| Scroll of Protection | 2 | |
| Potion of Lesser Invulnerability | 1 | |
21 total
FrancaisForce69 (
pink | 45 APM | 2572 actions | 57:43)
8 Blademaster
3 Wind Walk
3 Critical Strike
1 Bladestorm
1 Mirror Image
» actions
| Assign group hotkey | 61 | |
| Basic commands | 177 | |
| Build / train | 83 | |
| Enter build submenu | 51 | |
| Enter hero's abilities submenu | 8 | |
| Give item / drop item | 16 | |
| Remove unit from queue | 1 | |
| Right click | 1078 | |
| Select / deselect | 464 | |
| Select group hotkey | 465 | |
| Use ability | 168 | |
2572 total
» units
| Peon | 17 | |
| Grunt | 4 | |
| Demolisher | 7 | |
| Wind Rider | 7 | |
35 total
» upgrades
| Reinforced Defenses | 1 | |
| Ranged Weapons | 3 | |
| Armor | 3 | |
| Burning Oil | 1 | |
| Envenomed Spears | 1 | |
9 total
» buildings
| Orc Burrow | 7 | |
| Altar of Storms | 1 | |
| Barracks | 3 | |
| Voodoo Lounge | 4 | |
| Stronghold | 1 | |
| War Mill | 2 | |
| Great Hall | 1 | |
| Watch Tower | 28 | |
| Fortress | 2 | |
| Beastiary | 4 | |
53 total
» build order
00:12 Orc Burrow
01:00 Orc Burrow
01:05 Altar of Storms
01:07 Barracks
02:20 Voodoo Lounge
02:49 Stronghold
04:37 War Mill
04:38 Orc Burrow
04:57 Great Hall
05:57 Watch Tower
05:57 Watch Tower
06:12 Watch Tower
06:12 Watch Tower
08:00 Voodoo Lounge
08:01 Watch Tower
08:03 Voodoo Lounge
08:17 Fortress
08:18 Fortress
08:58 Watch Tower
08:58 Watch Tower
08:58 Watch Tower
09:03 Watch Tower
09:03 Watch Tower
09:03 Watch Tower
09:04 Watch Tower
10:33 Barracks
10:33 Barracks
14:00 War Mill
16:51 Voodoo Lounge
18:56 Beastiary
18:56 Beastiary
18:57 Beastiary
18:57 Beastiary
19:01 Watch Tower
19:01 Watch Tower
19:07 Watch Tower
19:07 Watch Tower
19:09 Watch Tower
19:10 Watch Tower
19:11 Watch Tower
19:12 Watch Tower
19:17 Watch Tower
20:21 Orc Burrow
20:25 Orc Burrow
20:30 Orc Burrow
21:06 Watch Tower
21:07 Watch Tower
21:07 Watch Tower
21:09 Watch Tower
21:10 Watch Tower
21:11 Watch Tower
21:13 Watch Tower
22:49 Orc Burrow
» items
| Healing Salve | 8 | |
| Potion of Mana | 4 | |
| Lesser Clarity Potion | 2 | |
| Orb of Lightning | 1 | |
| Potion of Healing | 7 | |
| Tiny Great Hall | 1 | |
| Scroll of Town Portal | 1 | |
| Staff of Teleportation | 1 | |
| Potion of Lesser Invulnerability | 1 | |
26 total
BabyBlue (
blue | 60 APM | 3471 actions | 57:43)
7 Mountain King
3 Storm Bolt
3 Bash
1 Avatar
4 Paladin
2 Holy Light
2 Divine Shield
» actions
| Assign group hotkey | 90 | |
| Basic commands | 261 | |
| Build / train | 99 | |
| Enter build submenu | 33 | |
| Enter hero's abilities submenu | 12 | |
| Give item / drop item | 6 | |
| Remove unit from queue | 1 | |
| Right click | 910 | |
| Select / deselect | 629 | |
| Select group hotkey | 1259 | |
| Use ability | 171 | |
3471 total
» units
| Peasant | 17 | |
| Footman | 10 | |
| Siege Engine | 8 | |
| Knight | 3 | |
| Mortar Team | 4 | |
42 total
» upgrades
| Defend | 1 | |
| Gunpowder | 3 | |
| Barrage | 1 | |
| Lumber Harvesting | 2 | |
| Plating | 3 | |
| Animal War Training | 1 | |
| Fragmentation Shards | 1 | |
| Flare | 1 | |
| Armor | 2 | |
| Swords | 1 | |
| Masonry | 1 | |
17 total
» buildings
| Altar of Kings | 1 | |
| Farm | 11 | |
| Barracks | 1 | |
| Scout Tower | 5 | |
| Arcane Tower | 2 | |
| Town Hall | 3 | |
| Arcane Vault | 2 | |
| Keep | 1 | |
| Blacksmith | 1 | |
| Castle | 1 | |
| Lumber Mill | 2 | |
| Workshop | 6 | |
| Guard Tower | 2 | |
38 total
» build order
00:05 Altar of Kings
00:20 Farm
00:24 Barracks
00:49 Farm
01:31 Farm
01:59 Scout Tower
03:11 Scout Tower
03:25 Arcane Tower
03:43 Farm
04:20 Town Hall
04:57 Arcane Tower
05:15 Arcane Vault
06:04 Keep
06:21 Farm
06:22 Farm
06:43 Blacksmith
07:28 Farm
08:23 Farm
08:25 Castle
08:47 Lumber Mill
09:37 Workshop
09:40 Workshop
09:57 Workshop
11:12 Farm
11:12 Farm
12:05 Farm
17:42 Workshop
17:44 Workshop
19:53 Town Hall
20:15 Scout Tower
20:18 Scout Tower
20:50 Guard Tower
20:50 Arcane Vault
21:08 Workshop
22:37 Town Hall
23:15 Lumber Mill
25:18 Scout Tower
25:19 Guard Tower
» items
| Scroll of Regeneration | 2 | |
| Lesser Clarity Potion | 2 | |
| Boots of Speed | 1 | |
| Scroll of Town Portal | 5 | |
| Staff of Sanctuary | 2 | |
| Potion of Healing | 4 | |
| Orb of Fire | 1 | |
| Potion of Mana | 1 | |
| Staff of Teleportation | 1 | |
19 total
Delirio (
orange | 87 APM | 4259 actions | 49:13)
4 Archmage
2 Summon Water Elemental
2 Brilliance Aura
4 Paladin
2 Holy Light
2 Divine Shield
» actions
| Assign group hotkey | 59 | |
| Basic commands | 1 | |
| Build / train | 105 | |
| Enter build submenu | 34 | |
| Enter hero's abilities submenu | 8 | |
| Give item / drop item | 3 | |
| Remove unit from queue | 3 | |
| Right click | 2978 | |
| Select / deselect | 536 | |
| Select group hotkey | 339 | |
| Use ability | 192 | |
4259 total
» units
| Peasant | 21 | |
| Footman | 5 | |
| Sorceress | 16 | |
| Ogre Mauler | 1 | |
| Mud Golem | 1 | |
| Rifleman | 2 | |
| Mortar Team | 13 | |
| Knight | 8 | |
67 total
» upgrades
| Swords | 0 | |
| Sorceress Training | 2 | |
| Lumber Harvesting | 1 | |
| Plating | 3 | |
| Animal War Training | 1 | |
| Gunpowder | 1 | |
8 total
» buildings
| Altar of Kings | 1 | |
| Farm | 16 | |
| Barracks | 1 | |
| Scout Tower | 8 | |
| Arcane Tower | 1 | |
| Arcane Vault | 1 | |
| Lumber Mill | 1 | |
| Keep | 2 | |
| Guard Tower | 5 | |
| Town Hall | 1 | |
| Blacksmith | 1 | |
| Arcane Sanctum | 2 | |
| Castle | 1 | |
| Workshop | 1 | |
42 total
» build order
00:11 Altar of Kings
00:17 Farm
00:24 Barracks
00:56 Scout Tower
01:32 Farm
01:53 Arcane Tower
02:05 Arcane Vault
02:09 Lumber Mill
02:48 Farm
03:04 Scout Tower
03:25 Farm
03:28 Keep
03:28 Keep
04:12 Scout Tower
04:20 Guard Tower
04:48 Scout Tower
04:50 Guard Tower
05:26 Town Hall
05:34 Farm
05:36 Guard Tower
05:44 Farm
06:35 Blacksmith
07:02 Arcane Sanctum
07:12 Scout Tower
08:09 Guard Tower
08:12 Farm
08:15 Castle
08:41 Workshop
09:39 Arcane Sanctum
11:45 Farm
11:45 Farm
11:48 Farm
11:51 Farm
11:52 Farm
12:03 Farm
13:29 Farm
15:14 Farm
17:06 Scout Tower
17:07 Scout Tower
17:08 Scout Tower
23:16 Guard Tower
40:47 Farm
» items
| Scroll of Regeneration | 5 | |
| Potion of Healing | 1 | |
| Potion of Mana | 1 | |
| Orb of Fire | 1 | |
8 total
team 2 (winner)

»
Arc4n (
green | 83 APM | 2202 actions | 26:37)
5 Death Knight
3 Death Coil
2 Unholy Aura
3 Lich
2 Frost Nova
1 Dark Ritual
» actions
| Assign group hotkey | 40 | |
| Basic commands | 16 | |
| Build / train | 92 | |
| ESC pressed | 4 | |
| Enter build submenu | 36 | |
| Enter hero's abilities submenu | 8 | |
| Give item / drop item | 3 | |
| Right click | 678 | |
| Select / deselect | 486 | |
| Select group hotkey | 745 | |
| Use ability | 94 | |
2202 total
» units
| Acolyte | 9 | |
| Ghoul | 5 | |
| Crypt Fiend | 21 | |
| Necromancer | 9 | |
44 total
» upgrades
| Creature Attack | 3 | |
| Web | 1 | |
| Creature Carapace | 3 | |
| Skeletal Longevity | 1 | |
| Necromancer Training | 2 | |
| Skeletal Mastery | 1 | |
| Unholy Strength | 3 | |
| Unholy Armor | 2 | |
16 total
» buildings
| Graveyard | 2 | |
| Crypt | 2 | |
| Ziggurat | 15 | |
| Altar of Darkness | 1 | |
| Tomb of Relics | 2 | |
| Nerubian Tower | 2 | |
| Halls of the Dead | 1 | |
| Necropolis | 1 | |
| Temple of the Damned | 2 | |
| Spirit Tower | 11 | |
| Black Citadel | 1 | |
40 total
» build order
00:08 Graveyard
00:10 Crypt
00:24 Ziggurat
01:01 Altar of Darkness
01:55 Ziggurat
02:00 Ziggurat
02:29 Tomb of Relics
03:05 Nerubian Tower
03:59 Ziggurat
04:28 Halls of the Dead
06:02 Necropolis
07:37 Ziggurat
08:36 Ziggurat
08:57 Ziggurat
09:19 Ziggurat
09:31 Temple of the Damned
09:37 Spirit Tower
09:55 Spirit Tower
10:14 Spirit Tower
10:41 Temple of the Damned
11:23 Ziggurat
11:30 Ziggurat
11:48 Crypt
12:06 Ziggurat
12:08 Ziggurat
12:22 Spirit Tower
12:22 Spirit Tower
12:31 Spirit Tower
12:57 Graveyard
13:05 Spirit Tower
13:06 Spirit Tower
13:38 Black Citadel
14:59 Tomb of Relics
20:56 Ziggurat
20:57 Ziggurat
20:57 Ziggurat
21:51 Spirit Tower
21:55 Spirit Tower
22:00 Nerubian Tower
» items
| Rod of Necromancy | 1 | |
| Scroll of Town Portal | 4 | |
| Potion of Healing | 1 | |
| Orb of Corruption | 1 | |
7 total
matrioshkabrain (
red | 136 APM | 7872 actions | 57:44)
8 Archmage
3 Summon Water Elemental
3 Brilliance Aura
1 Mass Teleport
1 Blizzard
6 Mountain King
3 Storm Bolt
2 Bash
1 Avatar
4 Paladin
2 Devotion Aura
2 Holy Light
» actions
| Assign group hotkey | 131 | |
| Basic commands | 473 | |
| Build / train | 226 | |
| ESC pressed | 2 | |
| Enter build submenu | 56 | |
| Enter hero's abilities submenu | 17 | |
| Give item / drop item | 12 | |
| Remove unit from queue | 1 | |
| Right click | 2152 | |
| Select / deselect | 990 | |
| Select group hotkey | 3364 | |
| Use ability | 448 | |
7872 total
» units
| Peasant | 17 | |
| Footman | 3 | |
| Rifleman | 13 | |
| Priest | 5 | |
| Mortar Team | 5 | |
| Sorceress | 7 | |
| Spell Breaker | 5 | |
| Gryphon Rider | 1 | |
| Siege Engine | 2 | |
58 total
» upgrades
| Gunpowder | 3 | |
| Lumber Harvesting | 2 | |
| Long Rifles | 1 | |
| Masonry | 3 | |
| Armor | 3 | |
| Priest Training | 2 | |
| Sorceress Training | 2 | |
| Swords | 3 | |
| Fragmentation Shards | 1 | |
| Plating | 3 | |
| Flare | 1 | |
| Control Magic | 1 | |
| Storm Hammers | 2 | |
| Magic Sentry | 1 | |
| Flak Cannons | 1 | |
| Barrage | 1 | |
| Cloud | 1 | |
| Animal War Training | 1 | |
32 total
» buildings
| Altar of Kings | 1 | |
| Barracks | 2 | |
| Farm | 13 | |
| Arcane Vault | 2 | |
| Blacksmith | 1 | |
| Keep | 4 | |
| Town Hall | 3 | |
| Scout Tower | 23 | |
| Arcane Tower | 9 | |
| Lumber Mill | 1 | |
| Castle | 2 | |
| Guard Tower | 37 | |
| Arcane Sanctum | 2 | |
| Gryphon Aviary | 2 | |
| Workshop | 3 | |
| Cannon Tower | 2 | |
107 total
» build order
01:04 Altar of Kings
01:05 Barracks
01:07 Farm
01:11 Farm
01:20 Farm
02:11 Arcane Vault
02:19 Blacksmith
02:53 Farm
03:56 Keep
03:56 Keep
04:12 Town Hall
04:14 Scout Tower
05:19 Arcane Tower
05:19 Arcane Tower
05:20 Arcane Tower
05:33 Farm
05:35 Lumber Mill
06:25 Scout Tower
06:27 Scout Tower
06:49 Castle
06:49 Castle
08:09 Guard Tower
08:09 Guard Tower
08:09 Guard Tower
08:54 Scout Tower
08:54 Scout Tower
09:35 Guard Tower
09:35 Guard Tower
09:54 Scout Tower
09:54 Scout Tower
11:09 Arcane Sanctum
11:12 Arcane Sanctum
11:55 Gryphon Aviary
11:56 Gryphon Aviary
11:59 Workshop
12:02 Guard Tower
12:02 Guard Tower
12:03 Guard Tower
12:14 Guard Tower
13:26 Scout Tower
13:27 Scout Tower
15:12 Guard Tower
15:12 Guard Tower
15:12 Guard Tower
15:13 Guard Tower
15:13 Guard Tower
15:13 Guard Tower
15:13 Guard Tower
15:32 Farm
17:31 Workshop
17:59 Workshop
19:26 Farm
19:27 Farm
19:28 Farm
19:28 Farm
20:18 Scout Tower
20:19 Scout Tower
20:22 Scout Tower
20:55 Arcane Tower
20:56 Guard Tower
20:56 Guard Tower
20:56 Guard Tower
20:58 Scout Tower
21:27 Cannon Tower
21:27 Cannon Tower
27:49 Farm
27:49 Farm
27:51 Farm
30:04 Town Hall
30:07 Scout Tower
30:08 Scout Tower
30:34 Arcane Tower
30:34 Arcane Tower
30:35 Guard Tower
30:35 Guard Tower
33:44 Keep
35:35 Arcane Vault
36:22 Keep
40:03 Town Hall
42:13 Scout Tower
42:14 Scout Tower
42:15 Scout Tower
42:16 Scout Tower
42:44 Guard Tower
42:44 Guard Tower
42:44 Guard Tower
42:44 Guard Tower
42:44 Guard Tower
42:44 Guard Tower
42:48 Guard Tower
42:49 Arcane Tower
42:49 Arcane Tower
42:49 Arcane Tower
43:34 Scout Tower
43:34 Scout Tower
43:35 Scout Tower
43:37 Scout Tower
44:02 Guard Tower
44:02 Guard Tower
44:03 Guard Tower
44:04 Guard Tower
44:04 Guard Tower
44:04 Guard Tower
44:04 Guard Tower
44:04 Guard Tower
44:04 Guard Tower
49:25 Barracks
» items
| Scroll of Regeneration | 9 | |
| Mechanical Critter | 1 | |
| Scroll of Town Portal | 6 | |
| Staff of Sanctuary | 1 | |
| Orb of Fire | 1 | |
| Scroll of Protection | 2 | |
| Potion of Lesser Invulnerability | 2 | |
| Boots of Speed | 1 | |
| Periapt of Vitality | 1 | |
| Potion of Healing | 2 | |
| Ivory Tower | 4 | |
30 total

»
popsurpuse (
teal | 33 APM | 673 actions | 20:30)
4 Dreadlord
2 Sleep
2 Vampiric Aura
» actions
| Assign group hotkey | 7 | |
| Basic commands | 64 | |
| Build / train | 73 | |
| Enter build submenu | 19 | |
| Enter hero's abilities submenu | 4 | |
| Remove unit from queue | 6 | |
| Right click | 236 | |
| Select / deselect | 200 | |
| Select group hotkey | 16 | |
| Use ability | 48 | |
673 total
» units
| Acolyte | 12 | |
| Ghoul | 11 | |
| Crypt Fiend | 1 | |
| Gargoyle | 24 | |
48 total
» upgrades
| Creature Carapace | 3 | |
| Creature Attack | 3 | |
| Stone Form | 1 | |
7 total
» buildings
| Ziggurat | 8 | |
| Crypt | 3 | |
| Altar of Darkness | 1 | |
| Graveyard | 1 | |
| Tomb of Relics | 1 | |
| Nerubian Tower | 1 | |
| Halls of the Dead | 1 | |
| Spirit Tower | 3 | |
| Black Citadel | 1 | |
| Necropolis | 1 | |
21 total
» build order
00:39 Ziggurat
00:42 Crypt
00:50 Altar of Darkness
01:07 Ziggurat
01:25 Graveyard
02:11 Tomb of Relics
02:24 Nerubian Tower
03:30 Halls of the Dead
04:25 Spirit Tower
05:23 Ziggurat
05:57 Black Citadel
07:25 Crypt
08:43 Ziggurat
09:44 Ziggurat
11:16 Crypt
12:12 Spirit Tower
13:05 Spirit Tower
13:26 Necropolis
13:43 Ziggurat
13:58 Ziggurat
14:06 Ziggurat
» items
Romor (
yellow | 25 APM | 1417 actions | 57:43)
4 Dark Ranger
2 Black Arrow
2 Life Drain
2 Priestess of the Moon
1 Searing Arrows
1 Trueshot Aura
1 Dreadlord
1 Vampiric Aura
1 Death Knight
1 Animate Dead
» actions
| Assign group hotkey | 3 | |
| Basic commands | 4 | |
| Build / train | 79 | |
| Enter build submenu | 23 | |
| Enter hero's abilities submenu | 8 | |
| Give item / drop item | 2 | |
| Remove unit from queue | 2 | |
| Right click | 722 | |
| Select / deselect | 523 | |
| Select group hotkey | 5 | |
| Use ability | 46 | |
1417 total
» units
| Wisp | 26 | |
| Archer | 7 | |
| Huntress | 1 | |
| Forest Troll Shadow Priest | 1 | |
| Forest Troll Berserker | 1 | |
| Dryad | 6 | |
| Hippogryph | 3 | |
| Druid of the Talon | 2 | |
| Glaive Thrower | 5 | |
| Necromancer | 2 | |
| Gargoyle | 3 | |
57 total
» upgrades
| Druid of the Talon Training | 1 | |
| Strength of the Wild | 1 | |
| Reinforced Hides | 1 | |
| Nature's Blessing | 1 | |
4 total
» buildings
| Moon Well | 6 | |
| Ancient of War | 3 | |
| Altar of Elders | 1 | |
| Ancient of Wonders | 2 | |
| Hunter's Hall | 1 | |
| Tree of Life | 1 | |
| Tree of Ages | 2 | |
| Ancient Protector | 6 | |
| Ancient of Lore | 1 | |
| Ancient of Wind | 1 | |
| Tree of Eternity | 1 | |
25 total
» build order
00:27 Moon Well
00:53 Ancient of War
01:20 Altar of Elders
01:43 Moon Well
01:46 Moon Well
02:28 Moon Well
02:57 Moon Well
03:24 Ancient of Wonders
04:08 Hunter's Hall
05:47 Tree of Life
05:51 Tree of Ages
05:51 Tree of Ages
06:45 Ancient Protector
08:25 Ancient of Lore
08:31 Ancient of Wind
10:39 Tree of Eternity
10:48 Ancient Protector
11:03 Ancient Protector
12:31 Ancient of Wonders
12:35 Ancient Protector
13:04 Tree of Eternity
13:07 Ancient Protector
13:23 Ancient Protector
15:19 Ancient of War
15:56 Ancient of War
17:31 Moon Well
» items
| Scroll of Town Portal | 1 | |
| Potion of Healing | 1 | |
2 total
Chat log
(00:35 / Allies) popsurpuse: RUSH?
(00:39 / Allies) matrioshkabrain: cc
(00:48 / Allies) Arc4n: thx
(08:02 / All) BabyBlue: come bastard
(10:22 / All) BabyBlue: good tp
(10:26 / All) Arc4n: stfu
(10:29 / All) BabyBlue: hahaha
(10:30 / All) BabyBlue: N?ooobb
(11:01 / All) BabyBlue: rape
(11:31 / All) matrioshkabrain: rape
(11:44 / All) BabyBlue: hahahahahaha
(13:21 / Allies) matrioshkabrain: lumber?
(13:30 / Allies) matrioshkabrain: ty
(17:02 / Allies) Romor: omg
(17:54 / Allies) Arc4n: al tp ?
(17:55 / Allies) Romor: thx for help omg
(18:07 / All) BabyBlue: RAPE
(18:09 / All) BabyBlue: ANAL
(18:14 / All) BabyBlue: SHEMALES
(18:40 / Allies) Romor: mortas
(19:27 / Allies) Romor: lol air tanks
(19:50 / Allies) Romor: morta
(19:54 / Allies) Romor: make
(31:24 / All) matrioshkabrain: RAPE
(31:24 / All) matrioshkabrain: RAPE
(31:27 / All) matrioshkabrain: WHY SO QUIET BLUE
(33:50 / All) popeFRANCIS: xd
(34:23 / All) matrioshkabrain: RAPE
(34:24 / All) matrioshkabrain: RAPE
(34:25 / All) matrioshkabrain: HAHAAHAHAHA
(34:26 / All) matrioshkabrain: RAPE
(35:14 / All) matrioshkabrain: why so quiet blue
(35:14 / All) matrioshkabrain: RAPE
(35:15 / All) matrioshkabrain: RAPE
(35:16 / All) matrioshkabrain: HAHAHAHA
(35:21 / All) BabyBlue: rape by pink
(35:28 / All) BabyBlue: connard de rose
(35:33 / All) BabyBlue: espace de shemale
(35:38 / All) matrioshkabrain: RAPE
(35:38 / All) matrioshkabrain: RAPE
(35:39 / All) matrioshkabrain: HAHAHA
(36:28 / All) matrioshkabrain: CANT GET MY CASTLE BITCH
(36:29 / All) matrioshkabrain: LOL
(38:34 / Allies) matrioshkabrain: leave
(38:36 / Allies) matrioshkabrain: I don't need you
(39:02 / All) matrioshkabrain: RAPE
(39:03 / All) matrioshkabrain: HAHAHAHAHA
(39:04 / All) matrioshkabrain: RAPE
(39:04 / All) matrioshkabrain: BLUE
(39:06 / All) matrioshkabrain: RAPE
(39:08 / All) BabyBlue: pink rape
(39:09 / All) BabyBlue: no u
(39:17 / All) matrioshkabrain: RAPE
(39:57 / All) FrancaisForce69: France must be respected
(40:09 / All) FrancaisForce69: The French people are noble allies, but only with respect
(44:25 / All) BabyBlue: go red
(44:29 / All) BabyBlue: kill this gaylord
(44:32 / All) BabyBlue: this pink gaylord
(44:32 / All) Delirio: run run
(44:42 / All) Delirio: pink trolling
(44:49 / All) matrioshkabrain: Listen up everyone me and pink were in this together we're going to kill everything including our own units
(44:50 / All) Delirio: he attack the team
(44:53 / All) matrioshkabrain: and leave no way to finish each other off
(44:55 / All) BabyBlue: he has only wyvern
(44:55 / All) matrioshkabrain: Both teams 0 food
(44:57 / All) matrioshkabrain: just buildings
(44:59 / All) matrioshkabrain: no production
(45:03 / All) matrioshkabrain: Can leave your PCs on all night for the win
(45:06 / All) matrioshkabrain: sound fair? mexican standoff
(45:10 / All) popeFRANCIS: lolz
(45:14 / All) BabyBlue: i can
(45:18 / All) BabyBlue: stay all nght
(45:19 / All) Delirio: ok im going to report then
(45:22 / All) popeFRANCIS: HAHAH
(45:24 / All) Delirio: you both
(45:25 / All) matrioshkabrain: UH OH
(45:26 / All) popeFRANCIS: to who
(45:35 / All) matrioshkabrain: YES BLIZZ THAT DOESNT GIVE A SHIT ABOUT THIS GAME WILL BAN US LOL
(45:39 / All) Delirio: yes
(45:43 / All) matrioshkabrain: no
(45:48 / All) matrioshkabrain: Been reported hundreds of times over the years
(45:48 / All) Delirio: you are goint to be banned xD
(45:50 / All) matrioshkabrain: done this forever
(45:53 / All) matrioshkabrain: and nothing happens lol
(45:54 / All) Delirio: nope bro
(45:59 / All) matrioshkabrain: you're just another whiny scrub in a long line
(46:06 / All) Delirio: you lost your account tomorrow at nithg
(46:11 / All) matrioshkabrain: yeah OK pal
(46:14 / All) Delirio: yes
(46:23 / All) Delirio: you are going to lose your account
(46:25 / All) Delirio: hehe
(46:33 / All) matrioshkabrain: my acc or cd key? I never use same acc twice
(46:40 / All) Delirio: i take pictures of the chat
(46:43 / All) Delirio: im a youtuber
(46:55 / All) BabyBlue: fuck u red
(46:56 / All) matrioshkabrain: what's you rchannel
(47:01 / All) popeFRANCIS: omg
(47:05 / All) matrioshkabrain: taking screenshots of us raping you to show off?
(47:11 / All) Delirio: Darksoulevo
(47:22 / All) popeFRANCIS: lol
(47:27 / All) popeFRANCIS: yellow still in game
(47:32 / All) matrioshkabrain: 83k subscribers nice
(47:36 / All) FrancaisForce69: darksoulevo = degenere
(47:38 / All) matrioshkabrain: highper.ch check out our backstabbing replays oj
(47:39 / All) Delirio: i report a lot of people to blizzard
(47:51 / All) matrioshkabrain: this cd costed 3 bux from some chinese site and I have more
(47:53 / All) Delirio: enjoy the report
(47:54 / All) BabyBlue: hahah
(47:54 / All) matrioshkabrain: cd key
(48:00 / All) matrioshkabrain: I don't care at all if I get banned lol
(48:00 / All) BabyBlue: pink is a noob
(48:03 / All) BabyBlue: sale lache
(48:06 / All) BabyBlue: tu fuis red
(48:08 / All) BabyBlue: tu peux pas le win
(48:12 / All) BabyBlue: sale noob de merde
(48:16 / All) BabyBlue: un bon francais
(48:16 / All) FrancaisForce69: j'en ai marre, ferme ta gueule
(48:19 / All) Delirio: say bye to this account red and pink
(48:21 / All) BabyBlue: un traitre a la nation
(48:27 / All) BabyBlue: t es un traitre
(48:31 / All) BabyBlue: un chien de collabo
(48:33 / All) BabyBlue: sale merde
(48:41 / All) matrioshkabrain: this is a 0-0 acc I will never play on again
(48:44 / All) BabyBlue: j te coupe les couilles en 39 45
(48:47 / All) matrioshkabrain: but you're too dumb to read, I already told you that
(49:00 / All) BabyBlue: ta grand mere s est faite violé par des allemeans
(49:03 / All) BabyBlue: sale putains
(49:06 / All) BabyBlue: et par leur chien
(49:08 / All) BabyBlue: et meme par les juifs
(49:21 / All) BabyBlue: sale raclure de chiotte
(49:31 / All) matrioshkabrain: Doubt he's really that youtuber
(49:37 / All) matrioshkabrain: but if he is and uploads himself getting raped, great for us
(49:57 / All) popeFRANCIS: and what now?
(50:01 / All) matrioshkabrain: now you lose
(50:05 / All) matrioshkabrain: no standoff after all
(50:09 / All) matrioshkabrain: since you two are huge faggots
(50:18 / All) popeFRANCIS: seems ok so far
(50:32 / All) BabyBlue: i call blizzard
(50:53 / All) matrioshkabrain: they'll laugh your retarded frog ass off of it
(54:11 / All) matrioshkabrain: blue you there?
(54:12 / All) matrioshkabrain: RAPE
(54:12 / All) matrioshkabrain: RAPE
(54:13 / All) matrioshkabrain: RAPE
(54:46 / All) matrioshkabrain: Blue you there?
(54:50 / All) matrioshkabrain: talk to me frenchie
(54:57 / All) matrioshkabrain: too busy eating snails to chat?
(55:01 / All) popeFRANCIS: xd
(56:11 / All) FrancaisForce69: bleu TA GUEULE, LAVETTE HAHAHAHA
(56:17 / All) FrancaisForce69: CASSE-TOI
(56:21 / All) matrioshkabrain: RAPE RAPE
(57:00 / All) FrancaisForce69: HAHAHAHAHA
(57:25 / All) popeFRANCIS: haha
(57:29 / All) FrancaisForce69: BLEU VA TE FAIR VOIRE
(57:40 / All) FrancaisForce69: HAHAHAHAHA